 Dungeon Crawl Stone Soup version 0.27.1-34-g3ba077fa99 (webtiles) character file.

Game seed: 14360934134949905600

1635 KamiKatze the Shield-Bearer (level 8, -4/76 HPs)
             Began as a Gargoyle Fighter on Jan 8, 2022.
             Killed from afar by a steam dragon (9 damage)
             ... with a ball of steam
             ... on level 8 of the Dungeon.
             The game lasted 00:18:46 (6563 turns).

KamiKatze the Shield-Bearer (Gargoyle Fighter)      Turns: 6563, Time: 00:18:47

Health: -4/76      AC: 24    Str: 27    XL:     8   Next: 98%
Magic:  8/8        EV:  2    Int: 10    God:
Gold:   193        SH: 16    Dex:  9    Spells: 7/7 levels left

rFire    . . .     SeeInvis .   a - +1 war axe
rCold    . . .     Faith    .   c - +0 kite shield
rNeg     + + +     Spirit   .   (armour currently unavailable)
rPois    ∞         Reflect  +   (helmet currently unavailable)
rElec    .         Harm     .   (cloak currently unavailable)
rCorr    .         Rampage  .   (gloves currently unavailable)
Will     .....     NoTele   +   (boots currently unavailable)
Stlth    +.........             r - amulet of reflection
HPRegen  0.22/turn              F - +6 ring of strength
MPRegen  0.11/turn              o - ring of flight

@: tree-form
A: stationary, stasis, torment immunity, boosted hp, sickness immunity, AC +5,
negative energy resistance 1, (electricity resistance), torment resistance 1,
petrification resistance
a: no special abilities


You were on level 8 of the Dungeon.
You were a tree.
You visited 1 branch of the dungeon, and saw 8 of its levels.

You collected 328 gold pieces.
You spent 135 gold pieces at shops.

Inventory:

Hand Weapons
 a - a +1 war axe (weapon)
 y - a +0 flail
Missiles
 h - 173 stones
 l - 37 poisoned darts (quivered)
 C - a throwing net
Armour
 b - a +0 scale mail (melded)
 c - a +0 kite shield (worn)
 d - a +0 pair of boots (melded)
 p - a +0 chain mail
 B - a scarf of shadows
Jewellery
 g - a ring of positive energy
 o - a ring of flight (right branch)
 r - an amulet of reflection (around neck)
 F - a +6 ring of strength (left branch)
 G - a ring of see invisible
Wands
 s - a wand of iceblast (8)
 E - a wand of acid (12)
 H - a wand of flame (16)
Scrolls
 e - a scroll of teleportation
 f - 4 scrolls of enchant weapon
 i - a scroll of immolation
 k - 2 scrolls of amnesia
 n - 2 scrolls of identify {unknown}
 q - a scroll of vulnerability {unknown}
 t - a scroll of enchant armour {unknown}
 u - a scroll of magic mapping {unknown}
 w - a scroll of fear {unknown}
 D - a scroll of noise {unknown}
Potions
 m - a potion of curing
 v - a potion of attraction {unknown}
 z - 4 potions of brilliance
 A - a potion of ambrosia {unknown}
 I - 2 potions of haste {unknown}


   Skills:
 + Level 5.9 Fighting
 * Level 6.1 Axes
 + Level 5.8 Armour
 * Level 7.7 Shields


You had 7 spell levels left.
You didn't know any spells.
Your spell library contained the following spells:

 Spells                   Type           Power      Damage    Failure   Level
 Magic Dart               Conj           0%         1d3       67%         1
 Call Imp                 Summ           0%         N/A       82%         2
 Mephitic Cloud           Conj/Pois/Air  0%         N/A       96%         3


Dungeon Overview and Level Annotations

Branches:
Dungeon (8/15)
 Temple: D:4-7         Lair: D:8-11

Altars:
Cheibriados
Dithmenos
Elyvilon
Fedhas
Gozag

Shops:
D:5 :![[(   D:6 :


Innate Abilities, Weirdness & Mutations

You are a tree.
Your roots penetrate the ground, keeping you stationary.
You cannot be teleported.
You are immune to unholy pain and torment.
Your maximum health is greatly increased.
Your equipment is partially melded.
You are immune to sickness and miasma.
((Your stone body is resilient. (AC +5)))
You are immune to poison.
You resist negative energy. (rN+)
((You are resistant to electric shocks. (rElec)))
You are resistant to unholy torment.
You are immune to petrification.


Message History

You are engulfed in a cloud of scalding steam.
* * * LOW HITPOINT WARNING * * *
The steam dragon bites you.
* * * LOW HITPOINT WARNING * * *
You block the steam dragon's attack.
You hit the steam dragon but do no damage.
The steam dragon is lightly wounded.
You block the steam dragon's attack. x2
You block the steam dragon's attack. x2
There is a stone staircase leading down here.
You block the steam dragon's attack. x2
You fly downwards.
There is a stone staircase leading up here.
Really quaff the potion of lignification?
You turn into a tree.
Your +0 pair of boots melds into your body.
Your +0 scale mail melds into your body.
Your roots penetrate the ground.
The steam dragon breathes steam at you. The ball of steam hits you!
* * * LOW HITPOINT WARNING * * *
You hear a shout!
You barely miss the steam dragon.
The steam dragon is lightly wounded.
You block the steam dragon's attack. x3
The steam dragon claws you but does no damage.
You closely miss the steam dragon.
The steam dragon is lightly wounded.
You are engulfed in a cloud of scalding steam.
* * * LOW HITPOINT WARNING * * *
You block the steam dragon's attack. x2
You hit the steam dragon but do no damage.
The steam dragon is lightly wounded.
You block the steam dragon's attack. x2
You slash the steam dragon!
The steam dragon is severely wounded.
You block the steam dragon's attack. The steam dragon barely misses you.
The steam dragon breathes steam at you. The ball of steam hits you!
You die...

# ########.#.
#..........
#.D......#
#..♣.....#
#..........
#.......>..
.......§..#.
#.......(..#
#............
##...!#......
$.......####


You could see a steam dragon (catching breath).

Vanquished Creatures
  Sigmund (D:4)
  Menkaure (D:4)
  A water moccasin (D:7)
  Duvessa (D:5)
  An ice beast (D:4)
  An ogre (D:5)
  A phantom (D:6)
  2 bullfrogs
  2 scorpions
  Dowan (D:5)
  A centaur zombie (D:5)
  2 jellies (D:4)
  2 orc priests
  4 hounds
  An iguana (D:5)
  2 orc wizards
  A hound zombie (D:5)
  6 adders
  2 shadow imps
  2 white imps
  2 ufetubi
  2 worms
  A dart slug (D:1)
  17 orcs
  3 endoplasms
  2 giant cockroaches
  7 goblins
  14 hobgoblins
  6 jackals
  6 quokkas
  10 ball pythons
  5 bats (D:1)
  3 frilled lizards
  8 kobolds
  7 rats
128 creatures vanquished.

Vanquished Creatures (others)
  3 orcs (D:7)
3 creatures vanquished.

Grand Total: 131 creatures vanquished

Notes
Turn   | Place    | Note
-------+----------+-------------------------------------------
     0 | D:1      | KamiKatze the Gargoyle Fighter began the quest for the Orb.
     0 | D:1      | Reached XP level 1. HP: 14/14 MP: 1/1
   157 | D:1      | Reached XP level 2. HP: 16/19 MP: 2/2
   332 | D:1      | Found a faded altar of an unknown god.
   453 | D:1      | Reached XP level 3. HP: 12/23 MP: 3/3
  1160 | D:2      | Reached skill level 4 in Shields
  1226 | D:2      | Reached XP level 4. HP: 14/29 MP: 4/4
  2246 | D:3      | Found a white marble altar of Elyvilon.
  2620 | D:3      | Reached XP level 5. HP: 33/33 MP: 5/5
  2834 | D:4      | Noticed Sigmund
  2839 | D:4      | Killed Sigmund
  2840 | D:4      | Reached skill level 5 in Shields
  2840 | D:4      | Reached XP level 6. HP: 39/39 MP: 6/6
  2912 | D:4      | Found a snail-covered altar of Cheibriados.
  2934 | D:4      | Noticed Menkaure
  2944 | D:4      | Killed Menkaure
  2945 | D:4      | Reached XP level 7. HP: 39/44 MP: 7/7
  3207 | D:4      | Found a blossoming altar of Fedhas.
  3445 | D:5      | Entered Level 5 of the Dungeon
  3455 | D:5      | Found an opulent altar of Gozag.
  3784 | D:5      | Found Gientoaf's Antique Weapon Shop.
  3851 | D:4      | Reached skill level 6 in Shields
  3982 | D:5      | Reached skill level 5 in Fighting
  4195 | D:5      | Noticed Duvessa
  4208 | D:5      | Noticed Dowan
  4465 | D:5      | Killed Duvessa
  4466 | D:5      | Reached skill level 5 in Axes
  4466 | D:5      | Reached skill level 5 in Armour
  4466 | D:5      | Reached XP level 8. HP: 21/49 MP: 8/8
  4647 | D:5      | Found Jyerghask's Antique Armour Emporium.
  4664 | D:5      | Found Faurinn's Book Emporium.
  4825 | D:5      | Found Ucucleho's Distillery.
  4833 | D:5      | Bought a potion of heal wounds for 75 gold pieces
  4833 | D:5      | Bought a potion of might for 60 gold pieces
  4880 | D:5      | Killed Dowan
  4895 | D:5      | Found Zyseolouf's Armour Shoppe.
  5039 | D:6      | Reached skill level 7 in Shields
  5334 | D:6      | Found Tilyihem's Self-Improvement Boutique.
  5647 | D:6      | Found a shadowy altar of Dithmenos.
  6563 | D:8      | Killed from afar by a steam dragon

Illustrated notes

Levels and vault maps discovered:
D:1:      saegor_arrival_simple_d, layout_loops_ring,
          hellmonk_ecumenical_altar_blasted
D:2:      layout_loops_ring, minmay_tiny_reverse_x
D:3:      layout_basic, mainiacjoe_overflow_small_starburst,
          hangedman_feature_mirror, kennysheep_generic_room_8
D:4:      layout_loops_cross, nicolae_overflow_hidden_temple,
          lemuel_crystal_altar, uniq_sigmund, uniq_menkaure
D:5:      layout_basic, mainiacjoe_overflow_alcove_1, serial_shops, shop, shop,
          nicolae_shop_competitors_out_of_business,
          nicolae_shop_window_shopping, nicolae_diamond_shop, uniq_duvessa
D:6:      layout_basic, grunt_dithmenos_shadows, nicolae_shop_self_help
D:7:      layout_gridville, minmay_temple_entry_junction, serial_shops,
          nicolae_shop_window_shopping, serial_bayou_pond_c
D:8:      layout_loops_ring, mainiacjoe_overflow_chevrons, serial_shops,
          nicolae_square_shop, chequers_serial_rivers_small_b

Skill      XL: |  1  2  3  4  5  6  7  8 |
---------------+-------------------------+-----
Axes           | 2 3 4 5 6 |  6.1
Shields        | 4 5 6 7 |  7.7
Fighting       | 4 5 |  5.9
Armour         | 4 5 |  5.8

Action                   |  1- 3 |  4- 6 |  7- 9 || total
-------------------------+-------+-------+-------++-------
Melee: War axe           |   168 |   154 |   212 ||   534
  Use: Scroll            |       |     2 |     3 ||     5
       Potion            |       |     1 |     6 ||     7
Armor: Scale mail        |   103 |    60 |    90 ||   253
       Skin              |       |       |     1 ||     1
Dodge: Dodged            |    66 |    35 |    48 ||   149
Block: Kite shield       |   112 |   101 |   238 ||   451
       Reflection        |       |     1 |     4 ||     5
